 Dungeon Crawl Stone Soup version 0.31-a0-187-gba352fbbf7 (webtiles) character file.

Game seed: 6801651258055782529

263 Gorgondantess the Insei (level 6, -2/43 HPs)
             Began as a Human Transmuter on June 22, 2023.
             Slain by an ice beast (3 damage)
             ... on level 5 of the Dungeon.
             The game lasted 00:05:09 (3539 turns).

Gorgondantess the Insei (Human Transmuter)          Turns: 3539, Time: 00:05:10

Health: -2/43      AC:  2    Str: 10    XL:     6   Next: 43%
Magic:  3/9        EV: 19    Int: 15    God:
Gold:   226        SH:  0    Dex: 19    Spells: 3/9 levels left

rFire   . .          .
                       - Unarmed
rCold   . . .        (shield currently unavailable)
rNeg    . . .        g - melded +0 leather armour
rPois   x            (helmet currently unavailable)
rElec   .            (cloak currently unavailable)
rCorr   .            (gloves currently unavailable)
SInv    .            (boots currently unavailable)
Will    .....        (no amulet)
Stlth   ++           (no ring)
HPRegen 0.27/turn    (no ring)
MPRegen 0.11/turn

%: no passive effects
@: spider-form (expiring), very slightly contaminated
A: venomous fangs, tiny
a: End Transformation


You were on level 5 of the Dungeon.
You were a venomous arachnid creature.
You visited 1 branch of the dungeon, and saw 5 of its levels.

You collected 226 gold pieces.

Inventory:

Hand Weapons
 u - a +2 whip of electrocution
Missiles
 e - 5 poisoned darts
Armour
 a - a +0 robe
 g - a +0 leather armour (melded)
Wands
 l - a wand of digging (5)
 n - a wand of roots (11)
Scrolls
 c - 4 scrolls of teleportation {unknown}
 d - 6 scrolls of identify {unknown}
 f - 3 scrolls of poison {unknown}
 j - a scroll of immolation {unknown}
 r - a scroll of brand weapon {unknown}
 s - a scroll of revelation {unknown}
Potions
 b - a potion of lignification
 h - a potion of brilliance {unknown}
 i - 2 potions of mutation {unknown}
 k - 2 potions of curing {unknown}
 m - 3 potions of degeneration {unknown}
 o - a potion of magic {unknown}
 p - a potion of haste {unknown}
 q - 2 potions of heal wounds {unknown}
 t - a potion of ambrosia {unknown}


   Skills:
 - Level 1.0 Fighting
 - Level 2.0 Dodging
 * Level 5.7 Unarmed Combat
 - Level 2.0 Spellcasting
 * Level 3.7 Transmutations
 - Level 1.0 Poison Magic


You had 3 spell levels left.
You knew the following spells:

 Your Spells              Type           Power      Damage    Failure   Level
a - Beastly Appendage     Tmut           24%        N/A       14%         1
b - Spider Form           Tmut/Pois      8%         N/A       47%         3
c - Wereblood             Tmut           12%        N/A       19%         2

Your spell library contained the following spells:

 Spells                   Type           Power      Damage    Failure   Level
 Portal Projectile        Hex/Tloc       2%         N/A       75%         3
 Tukima's Dance           Hex            1%         N/A       75%         3
 Ice Form                 Ice/Tmut       7%         N/A       87%         4
 Blade Hands              Tmut           6%         N/A       91%         5


Dungeon Overview and Level Annotations

Branches:
Dungeon (5/15)
 Temple: D:4-7

Altars:
Nemelex Xobeh

Annotations:
D:2 Sigmund


Message History

You hit the worm.
The worm is severely wounded.
An ice beast comes into view.
The ufetubus closely misses you. The ufetubus barely misses you.
You punch the worm!
You kill the worm!
The ufetubus closely misses you. The ufetubus hits you.
You punch the ufetubus!
You kill the ufetubus!
Your transformation is almost over.
Your horns disappear.
Your talons disappear.
There is a stone staircase leading up here.
You climb upwards.
There is a stone staircase leading down here.
Casting: Beastly Appendage (safe; 6% risk of failure)
Confirm with . or Enter, or press ? or * to list all spells.
You miscast Spider Form.
You are very lightly contaminated with residual magic.
Nothing appears to happen.
Casting: Spider Form (quite dangerous; 34% risk of failure)
Confirm with . or Enter, or press ? or * to list all spells.
You turn into a venomous arachnid creature.
Your +0 leather armour melds into your body.
You climb downwards.
The ice beast hits you. The ice beast freezes you! The ice beast hits you.
The ice beast freezes you.
There is a stone staircase leading up here.
You hit the ice beast.
The ice beast is lightly wounded.
The ice beast closely misses you.
You hit the ice beast but do no damage.
The ice beast is poisoned.
The ice beast is lightly wounded.
Your transformation is almost over.
You hit the ice beast.
The ice beast is moderately wounded.
The ice beast hits you. The ice beast freezes you!
* * * LOW HITPOINT WARNING * * *
You hit the ice beast.
The ice beast is heavily wounded.
The ice beast hits you.
You die...

## #.# ######
#..##....##
.........##
#........##
#.........#
#.).s.....##
#..Y.......##
##............
#.........####
#........##
#........#
#........#
######...#
#...#


You could see an ice beast (very poisoned).

Vanquished Creatures
  A scorpion (D:4)
  A hound (D:4)
  An iguana (D:4)
  An orc wizard (D:4)
  4 adders
  An ufetubus (D:5)
  A worm (D:5)
  A dart slug (D:4)
  5 orcs
  2 endoplasms (D:1)
  4 giant cockroaches
  5 goblins
  7 hobgoblins
  7 jackals
  3 quokkas (D:2)
  5 ball pythons
  4 bats
  4 frilled lizards
  8 kobolds
  3 rats
68 creatures vanquished.

Notes
Turn   | Place    | Note
-------+----------+-------------------------------------------
     0 | D:1      | Gorgondantess the Human Transmuter began the quest for the
                  | Orb.
     0 | D:1      | Reached XP level 1. HP: 15/15 MP: 3/3
   125 | D:1      | Reached XP level 2. HP: 21/21 MP: 3/5
   641 | D:2      | Noticed Sigmund
   711 | D:2      | Reached skill level 4 in Unarmed Combat
   711 | D:2      | Reached XP level 3. HP: 26/26 MP: 4/6
  1092 | D:2      | Found a sparkling altar of Nemelex Xobeh.
  1414 | D:2      | Reached XP level 4. HP: 27/32 MP: 5/7
  1418 | D:2      | Learned a level 3 spell: Spider Form
  2466 | D:4      | Reached skill level 5 in Unarmed Combat
  2466 | D:4      | Reached skill level 1 in Poison Magic
  2466 | D:4      | Reached XP level 5. HP: 37/37 MP: 6/8
  2469 | D:4      | Learned a level 2 spell: Wereblood
  2913 | D:4      | Reached XP level 6. HP: 20/43 MP: 9/9
  3482 | D:5      | Entered Level 5 of the Dungeon
  3507 | D:5      | Noticed an ice beast
  3538 | D:5      | HP: 1/43 [ice beast (14)]
  3539 | D:5      | Slain by an ice beast

Illustrated notes

Levels and vault maps discovered:
D:1:      scummos_arrival_simple_fountains, layout_basic, serial_bayou_ford_a,
          corexii_leaking_fountain
D:2:      layout_loops_ring, basic_altar, uniq_sigmund
D:3:      layout_basic
D:4:      layout_basic, minmay_misc_feat_room, hex_large
D:5:      layout_cave_pods, mainiacjoe_overflow_alcove_1, uniq_edmund

Skill      XL: |  1  2  3  4  5 |
---------------+----------------+-----
Unarmed Combat | 4 5 |  5.7
Poison Magic   | 1 |  1.0
Transmutations | 3 |  3.7
Fighting       | |  1.0
Dodging        | |  2.0
Spellcasting   | |  2.0

Action                     |  1- 3 |  4- 6 || total
---------------------------+-------+-------++-------
  Melee: Unarmed           |    95 |   107 ||   202
         Kick              |    16 |    20 ||    36
         Headbutt          |     7 |    12 ||    19
         Punch             |     1 |     1 ||     2
   Cast: Beastly Appendage |    20 |    19 ||    39
         Spider Form       |       |     1 ||     1
    Use: Potion            |       |     1 ||     1
   Stab: Sleeping          |     1 |       ||     1
 Armour: Robe              |     8 |       ||     8
         Leather armour    |    12 |    14 ||    26
         Skin              |       |     3 ||     3
  Dodge: Dodged            |    56 |    42 ||    98

Table legend: (Time is in decaauts)
 A = Elapsed time spent in this place.
 B = Non-inter-level travel time spent in this place.
 C = Inter-level travel time spent in this place.
 D = Time resting spent in this place.
 E = Time spent auto-exploring this place.
 F = Levels seen in this place.
 G = Mean time per level.
                   A        B        C        D        E       F      G
               +--------+--------+--------+--------+--------+-----+--------+
         Total |   3527 |   3424 |    103 |    235 |   2660 |   5 |  705.4 |
       Dungeon |   3527 |   3424 |    103 |    235 |   2660 |   5 |  705.4 |
               +--------+--------+--------+--------+--------+-----+--------+

Top non-repeatable levels by time:
     D:4: 1243 daAuts
     D:2: 811 daAuts
     D:3: 794 daAuts
     D:1: 625 daAuts
     D:5: 52 daAuts
